 Dungeon Crawl Stone Soup version 0.31-a0-700-gf13585253f (webtiles) character file.

Game seed: 1879448599070859608

1798 qw the Skirmisher (level 9, -2/57 HPs)
             Began as a Gargoyle Hunter on Sept 7, 2023.
             Was an Initiate of Okawaru.
             Slain by a gnoll sergeant
             ... wielding a +1 trident of venom
              (5 damage)
             ... on level 6 of the Dungeon.
             The game lasted 00:02:24 (4695 turns).

qw the Skirmisher (Gargoyle Hunter)                 Turns: 4695, Time: 00:02:24

Health: -2/57      AC: 14    Str: 14    XL:     9   Next: 9%
Magic:  9/9        EV: 16    Int: 11    God:    Okawaru [......]
Gold:   348        SH:  0    Dex: 17    Spells: 8/8 levels left

rFire   . . .        Y - +1 orcbow
rCold   . . .        (shield currently unavailable)
rNeg    + . .        f - +0 ring mail
rPois   inf          (no helmet)
rElec   +            m - +0 cloak
rCorr   .            a - +0 pair of gloves
SInv    .            (no boots)
Will    .....        g - amulet of the acrobat
Stlth   +            b - +5 ring of evasion
HPRegen 0.29/turn    (no ring)
MPRegen 0.11/turn

%: acrobat
@: about to teleport
A: sickness immunity, AC +6, negative energy resistance 1, electricity
resistance, torment resistance 1, petrification resistance, evolution 1
a: Renounce Religion


You were on level 6 of the Dungeon.
You worshipped Okawaru.
Okawaru was noncommittal.
You visited 2 branches of the dungeon, and saw 7 of its levels.

You collected 348 gold pieces.


Innate Abilities, Weirdness & Mutations

You are immune to sickness and miasma.
Your stone body is resilient. (AC +6)
You are immune to poison.
You resist negative energy. (rN+)
You are resistant to electric shocks. (rElec)
You are resistant to unholy torment.
You are immune to petrification.
You have hidden genetic potential.


   Skills:
 - Level 7.0 Fighting
 + Level 10.0 Ranged Weapons
 - Level 3.0 Armour
 - Level 2.0 Dodging
 - Level 1.1 Stealth


You had 8 spell levels left.
You didn't know any spells.
Your spell library was empty.

Inventory:

Hand Weapons
 Y - a +1 orcbow (weapon)
Armour
 a - a +0 pair of gloves (worn)
 f - a +0 ring mail (worn)
 m - a +0 cloak (worn)
Jewellery
 b - a +5 ring of evasion (left hand)
 g - an amulet of the acrobat (around neck)
 i - a ring of ice
Scrolls
 e - 4 scrolls of identify
 h - 4 scrolls of teleportation
Potions
 c - a potion of enlightenment {unknown}
 j - a potion of heal wounds
 n - a potion of degeneration {unknown}
 o - a potion of mutation

Dungeon Overview and Level Annotations

Branches:
Dungeon (6/15)             Temple (1/1) D:4

Altars:
Elyvilon
Fedhas
Kikubaaqudgha
Makhleb
Okawaru
Ru
Uskayaw
Yredelemnul
Zin
The Shining One

Shops:
D:4 [


Message History

The arrow barely misses the gnoll.
The gnoll barely misses you.
The gnoll sergeant hits you from afar with a +1 trident of venom!
You shoot an arrow. The arrow hits the gnoll!
You kill the gnoll!
Okawaru accepts your kill.
The gnoll sergeant hits you from afar with a +1 trident of venom.
You shoot an arrow. The arrow barely misses the gnoll.
The arrow hits the gnoll sergeant but does no damage.
The gnoll sergeant is heavily wounded.
The gnoll hits you but does no damage.
The gnoll sergeant hits you but does no damage.
You shoot an arrow. The arrow closely misses the gnoll.
The arrow hits the gnoll sergeant!
The gnoll sergeant is almost dead.
The gnoll completely misses you.
The gnoll sergeant hits you from afar with a +1 trident of venom.
You shoot an arrow. The arrow hits the gnoll!
The gnoll is almost dead.
The gnoll hits you with a +0 whip.
The gnoll sergeant hits you but does no damage.
You shoot an arrow. The arrow hits the gnoll!
You kill the gnoll!
Okawaru accepts your kill.
The gnoll sergeant hits you from afar with a +1 trident of venom.
The gnoll misses you.
You shoot an arrow. The arrow hits the gnoll!
The gnoll is severely wounded.
The gnoll sergeant closely misses you. The gnoll misses you.
You shoot an arrow. The arrow hits the gnoll!
You kill the gnoll!
Okawaru accepts your kill.
The gnoll sergeant hits you from afar with a +1 trident of venom! x2
Your Fighting skill increases to level 7!
4695 ||| READING 5 scrolls of teleportation.
As you read the scroll of teleportation, it crumbles to dust.
You feel strangely unstable. The gnoll completely misses you.
The gnoll sergeant hits you from afar with a +1 trident of venom.
You die... #.# #.g ##.##### #.# #gg

.....#.## #.# ##......#
#.# ##...#.## #.#
........# #.#
........###<##### ######.
................##.......
##.^.#.####.....@gg).).#
##......###.###.##.###.#
............# #.# .#
#####...###........#
##.## #####.##.# #.# #.#
.# #.. ... .# #.## #.# .#
#.# #.#


You could see a gnoll sergeant and a gnoll.

Vanquished Creatures
  An orc warrior (D:6)
  3 ice beasts
  3 centaurs (D:5)
  4 bullfrogs
  A scorpion (D:5)
  A howler monkey (D:6)
  A centaur zombie (D:4)
  An orc priest (D:6)
  5 hounds
  2 jellies
  A gnoll bouda (D:6)
  A sleepcap (D:6)
  An orc wizard (D:6)
  3 scorpion zombies (D:4)
  4 iguanas
  14 gnolls (D:6)
  7 adders
  3 shadow imps
  2 adder zombies (D:4)
  2 worms
  5 dart slugs
  10 orcs
  3 bats
  9 endoplasms
  8 giant cockroaches
  7 goblins
  4 hobgoblins (D:4)
  9 jackals
  9 kobolds
  4 quokkas
  10 ball pythons
  5 frilled lizards
  5 rats
148 creatures vanquished.

Vanquished Creatures (collateral kills)
  A scorpion (D:5)
1 creature vanquished.

Vanquished Creatures (others)
  A scorpion zombie (D:5)
1 creature vanquished.

Grand Total: 150 creatures vanquished

Notes
Turn   | Place    | Note
-------+----------+-------------------------------------------
     0 | D:1      | qw the Gargoyle Hunter began the quest for the Orb.
     0 | D:1      | Reached XP level 1. HP: 12/12 MP: 1/1
     0 | D:1      | 0 ||| qw: Version: 0.3-a-76-g4403597
     0 | D:1      | 0 ||| qw: Game counter: 434
     0 | D:1      | 0 ||| qw: Melee chars always use a shield: true
     0 | D:1      | 0 ||| qw: God list: Okawaru
     0 | D:1      | 0 ||| qw: Allow faded altars: false
     0 | D:1      | 0 ||| qw: Do Orc after clearing Dungeon:15 true
     0 | D:1      | 0 ||| qw: Do second Lair branch before Depths: true
     0 | D:1      | 0 ||| qw: Lair rune preference: random
     0 | D:1      | 0 ||| qw: Goals: Normal
     0 | D:1      | 0 ||| PLANNING D:1-11
    22 | D:1      | 22 ||| DROPPING scroll of butterflies.
   113 | D:1      | Reached XP level 2. HP: 17/17 MP: 2/2
   304 | D:1      | Reached XP level 3. HP: 21/21 MP: 3/3
   391 | D:1      | Reached skill level 5 in Ranged Weapons
   517 | D:1      | 517 ||| UPGRADING to +0 ring mail.
   527 | D:1      | 527 ||| DROPPING +0 leather armour.
   528 | D:1      | 528 ||| UPGRADING to +5 ring of evasion.
   529 | D:1      | 529 ||| DROPPING ring of magical power.
   530 | D:1      | 530 ||| READING scroll labelled PEHALA PINUPH.
   531 | D:1      | 531 ||| READING 2 scrolls labelled XEWA GAN MAORA.
   606 | D:2      | Reached skill level 1 in Armour
   859 | D:2      | Reached XP level 4. HP: 15/27 MP: 4/4
   860 | D:2      | Reached skill level 3 in Fighting
   877 | D:2      | 877 ||| FLEEEEING.
   878 | D:2      | 878 ||| FLEEEEING.
  1144 | D:2      | Found a faded altar of an unknown god.
  1308 | D:2      | 1308 ||| READING 2 scrolls labelled FAW FOSHRIESK.
  1309 | D:2      | 1309 ||| READING scroll labelled JEUROAC FENAT.
  1310 | D:2      | 1310 ||| DROPPING scroll of vulnerability.
  1941 | D:3      | 1941 ||| UPGRADING to amulet of the acrobat.
  1946 | D:3      | 1946 ||| READING scroll labelled KIOKEP ULANNUPS.
  1947 | D:3      | 1947 ||| READING scroll labelled PEYLIU UHEAN.
  2000 | D:4      | Reached XP level 5. HP: 32/32 MP: 5/5
  2016 | D:4      | Reached skill level 6 in Ranged Weapons
  2021 | D:4      | Found a basalt altar of Yredelemnul.
  2091 | D:4      | Found a white marble altar of Elyvilon.
  2126 | D:4      | Found a staircase to the Ecumenical Temple.
  2127 | D:4      | 2127 ||| PLANNING TEMPLE
  2127 | D:4      | 2127 ||| UPGRADING to +0 pair of gloves.
  2140 | Temple   | Entered the Ecumenical Temple
  2141 | Temple   | 2141 ||| PLANNING D:1-11
  2194 | D:4      | Reached XP level 6. HP: 38/38 MP: 6/6
  2211 | D:4      | Found Urgheu's Armour Emporium.
  2218 | D:4      | 2218 ||| SHOPLISTING +0 pair of gloves of the Twenty Demons
                  | {Drain rC+ Str+6} (306 gold, have 171).
  2218 | D:4      | 2218 ||| SHOPLISTING +0 ring mail of Exatz {Dex+4} (232
                  | gold, have 171).
  2218 | D:4      | 2218 ||| SHOPLISTING +1 helmet of intelligence (198 gold,
                  | have 171).
  2354 | D:4      | Noticed an ice beast
  2370 | D:4      | Killed an ice beast
  2428 | D:4      | Found a glowing silver altar of Zin.
  2428 | D:4      | Found a glowing golden altar of the Shining One.
  2458 | D:4      | Reached skill level 7 in Ranged Weapons
  2669 | D:4      | Found a sacrificial altar of Ru.
  2758 | D:4      | 2758 ||| Stepping ~*~*~tactically~*~*~ (retreating).
  2759 | D:4      | 2759 ||| Stepping ~*~*~tactically~*~*~ (retreating).
  2761 | D:4      | 2761 ||| Stepping ~*~*~tactically~*~*~ (retreating).
  2762 | D:4      | 2762 ||| Stepping ~*~*~tactically~*~*~ (retreating).
  2763 | D:4      | 2763 ||| Stepping ~*~*~tactically~*~*~ (retreating).
  2764 | D:4      | 2764 ||| Stepping ~*~*~tactically~*~*~ (retreating).
  2769 | D:4      | Reached XP level 7. HP: 38/43 MP: 7/7
  2773 | D:4      | 2773 ||| Stepping ~*~*~tactically~*~*~ (retreating).
  2774 | D:4      | 2774 ||| Stepping ~*~*~tactically~*~*~ (retreating).
  2775 | D:4      | 2775 ||| Stepping ~*~*~tactically~*~*~ (retreating).
  2776 | D:4      | 2776 ||| Stepping ~*~*~tactically~*~*~ (retreating).
  2777 | D:4      | 2777 ||| Stepping ~*~*~tactically~*~*~ (retreating).
  2790 | D:4      | Reached skill level 8 in Ranged Weapons
  3010 | D:4      | Found a blossoming altar of Fedhas.
  3041 | D:4      | 3041 ||| READING scroll labelled LIHECYWNAR.
  3042 | D:4      | 3042 ||| READING scroll labelled XAIQIDOGUOF.
  3043 | D:4      | 3043 ||| DRINKING 2 fuming yellow potions.
  3044 | D:4      | 3044 ||| READING 2 scrolls of identify.
  3044 | D:4      | 3044 ||| IDENTIFYING brown potion
  3045 | D:4      | 3045 ||| DROPPING potion of invisibility.
  3046 | D:4      | 3046 ||| DROPPING potion of magic.
  3092 | D:5      | Entered Level 5 of the Dungeon
  3388 | D:5      | 3388 ||| Stepping ~*~*~tactically~*~*~ (outnumbered).
  3390 | D:5      | 3390 ||| Stepping ~*~*~tactically~*~*~ (outnumbered).
  3404 | D:5      | Reached XP level 8. HP: 33/49 MP: 8/8
  3502 | D:5      | 3502 ||| SWAPPING to +0 orcbow.
  3503 | D:5      | 3503 ||| DROPPING +0 shortbow of chaos.
  3710 | D:5      | Found a burning altar of Makhleb.
  3885 | D:5      | 3885 ||| UPGRADING to +0 cloak.
  3890 | D:5      | 3890 ||| READING scroll labelled IWNILI GEDEPN.
  3891 | D:5      | 3891 ||| DRINKING 3 fizzy white potions.
  3892 | D:5      | 3892 ||| DRINKING 2 cyan potions.
  3892 | D:5      | Gained mutation: You have hidden genetic potential. [potion
                  | of mutation]
  3893 | D:5      | 3893 ||| READING 3 scrolls of identify.
  3893 | D:5      | 3893 ||| IDENTIFYING fizzy grey potion
  3894 | D:5      | 3894 ||| READING 2 scrolls of identify.
  3894 | D:5      | 3894 ||| IDENTIFYING smoky white potion
  3895 | D:5      | 3895 ||| DROPPING potion of brilliance.
  3896 | D:5      | 3896 ||| DROPPING potion of lignification.
  3951 | D:6      | Reached skill level 9 in Ranged Weapons
  4063 | D:6      | 4063 ||| Stepping ~*~*~tactically~*~*~ (outnumbered).
  4076 | D:6      | HP: 9/51 [orc warrior/+0 trident (5)]
  4077 | D:6      | 4077 ||| READING 6 scrolls of teleportation.
  4078 | D:6      | 4078 ||| DRINKING 2 potions of heal wounds.
  4083 | D:6      | Reached skill level 6 in Fighting
  4342 | D:6      | Reached skill level 10 in Ranged Weapons
  4466 | D:6      | Found an iron altar of Okawaru.
  4467 | D:6      | 4467 ||| PLANNING OKAWARU WORSHIP
  4467 | D:6      | 4467 ||| READING scroll labelled WAAXEA RIPSIT.
  4468 | D:6      | 4468 ||| READING scroll labelled MOIPRIWIAD.
  4476 | D:6      | Became a worshipper of Warmaster Okawaru
  4477 | D:6      | 4477 ||| PLANNING D:1-11
  4493 | D:6      | Reached skill level 3 in Armour
  4584 | D:6      | Found a hide-covered altar of Uskayaw.
  4597 | D:6      | Reached XP level 9. HP: 55/55 MP: 9/9
  4672 | D:6      | 4672 ||| Stepping ~*~*~tactically~*~*~ (retreating).
  4674 | D:6      | 4674 ||| Stepping ~*~*~tactically~*~*~ (retreating).
  4675 | D:6      | 4675 ||| Stepping ~*~*~tactically~*~*~ (retreating).
  4694 | D:6      | HP: 3/56 [gnoll sergeant/+1 trident of venom (12)]
  4695 | D:6      | 4695 ||| READING 5 scrolls of teleportation.
  4695 | D:6      | Slain by a gnoll sergeant

Levels and vault maps discovered:
D:1:      roderic_crop_circles_arrival_small, layout_rooms
D:2:      layout_basic, ebering_ecumenical_altar_sacrificial
D:3:      layout_basic, minivault_4
D:4:      minmay_bubble_buster, layout_loops_ring, elyvilon_altar_5,
          nicolae_yredelemnul_corpse_copse, mainiacjoe_overflow_cross_hatched,
          nicolae_overflow_two_pavilions, fedhas_altar_2,
          minmay_temple_entry_poolview, serial_shops, shop,
          minmay_divided_ellipse
D:5:      layout_loops_ring, bloody_makhleb
D:6:      layout_loops_ring, mainiacjoe_overflow_surrounded_room,
          mainiacjoe_overflow_tiny_flanked
Temple:   ebering_the_one_and_only

Skill      XL: |  1  2  3  4  5  6  7  8  9 |
---------------+----------------------------+-----
Ranged Weapons | 5 6 7 8 10 | 10.0
Armour         | 1 2 3 |  3.0
Fighting       | 3 4 5 6 7 |  7.0
Dodging        | 2 |  2.0
Stealth        | |  1.1

Action                     |  1- 3 |  4- 6 |  7- 9 || total
---------------------------+-------+-------+-------++-------
   Fire: Shortbow          |   121 |   211 |    77 ||   409
         Orcbow            |       |       |   209 ||   209
    Use: Scroll            |     2 |     4 |    10 ||    16
         Potion            |       |       |     4 ||     4
 Armour: Leather armour    |    12 |       |       ||    12
         Ring mail         |    11 |    48 |   148 ||   207
  Dodge: Dodged            |    34 |    99 |   200 ||   333

Table legend:
 A = Non-vault XP
 B = Vault XP
 C = Vault XP percentage of total XP
 D = Non-vault monster count
 E = Vault monster count
 F = Vault count percentage of total count
                 A         B        C        D         E       F
            +---------+---------+-------+---------+---------+-------
      Total |    1934 |     635 |  24.7 |     118 |      29 |  19.7
            +---------+---------+-------+---------+---------+-------
        D:1 |      39 |       0 |   0.0 |      21 |       0 |   0.0
        D:2 |      72 |       0 |   0.0 |      28 |       0 |   0.0
        D:3 |      19 |       0 |   0.0 |       9 |       0 |   0.0
        D:4 |     123 |     635 |  83.8 |      14 |      29 |  67.4
        D:5 |     604 |       0 |   0.0 |      11 |       0 |   0.0
        D:6 |    1077 |       0 |   0.0 |      35 |       0 |   0.0
            +---------+---------+-------+---------+---------+-------
